AoeStats
← kkkg

Oasis

509002124Analyzed
4v4 RM · 7d ago on Sep 25, 2026· 65m 38s· 8 players
Game mode
Random Map
Map size
Large (8 player)
Population
200
Speed
Normal
Resources
Standard
Victory
Conquest
Starting age
Dark Age
Ending age
Imperial Age
RankedLock teamsTeams togetherTeam positionsShared explorationLock speedFull tech treeHidden civsTurbo modeCheats
Victory
Defeat
1079
+13
🇨🇦 Khmer · Canada
1050
+14
🇨🇦 Saxons · Canada
1049
+14
🇨🇳 Celts · China
965
+19
🇨🇦 Varangians · Canada
1052
-17
🇨🇦 Poles · Canada
1045
-16
🇺🇸 Saxons · United States
1029
-16
🇦🇷 Goths · Argentina
913
-11
Pampuliupampam
8:23 Feudal Age
10:47 Bloodlines
12:55 Double-Bit Axe
15:55 Forging
16:45 Horse Collar
18:00 Scale Barding Armor
24:28 Castle Age
22:50 Gold Mining
23:59 Stone Mining
25:22 Husbandry
26:50 Bow Saw
30:48 Heavy Plow
32:02 Loom
34:24 Iron Casting
34:09 Chain Barding Armor
34:49 Gold Shaft Mining
37:30 Ballistics
37:57 Stone Shaft Mining
37:59 Chain Barding Armor
42:39 Imperial Age
40:45 Wheelbarrow
39:56 Loom
45:14 Plate Barding Armor
45:40 Blast Furnace
44:03 Elite Ballista Elephant
44:56 Double Crossbow
46:21 Chemistry
46:30 Conscription
46:24 Fletching
46:05 Light Cavalry
49:12 Hussar
51:38 Siege Engineers
52:50 Tusk Swords
59:22 Crop Rotation
60:32 Coinage
kkkg
10:42 Feudal Age
11:23 Double-Bit Axe
11:22 Horse Collar
19:58 Castle Age
23:12 Bow Saw
25:20 Wheelbarrow
28:44 Hand Cart
30:54 Scale Mail Armor
31:05 Forging
31:09 Loom
31:10 Town Watch
33:27 Town Patrol
33:53 Stronghold
34:40 Gold Mining
34:40 Stone Mining
34:51 Stone Mining
38:49 Imperial Age
40:34 Gold Shaft Mining
40:35 Stone Shaft Mining
39:46 Heavy Scorpion
39:53 Capped Ram
40:57 Furor Celtica
41:54 Chemistry
41:15 Ballistics
41:01 Siege Engineers
41:07 Masonry
46:47 Elite Woad Raider
47:48 Conscription
47:49 Siege Ram
50:20 Iron Casting
50:00 Chain Mail Armor
50:43 Caravan
Wojtek
7:14 Loom
9:56 Feudal Age
10:24 Double-Bit Axe
10:20 Horse Collar
10:36 Man-at-Arms
13:51 Wheelbarrow
15:43 Arson
18:48 Gold Mining
23:46 Castle Age
25:02 Bow Saw
24:52 Heavy Plow
26:28 Stone Mining
27:20 Gold Shaft Mining
30:22 Caravan
33:15 Pikeman
33:55 Squires
33:56 Scale Mail Armor
34:07 Forging
34:32 Masonry
34:33 Fortified Wall
38:50 Imperial Age
36:38 Hand Cart
38:52 Ballistics
38:23 Fletching
38:33 Padded Archer Armor
38:49 Chain Mail Armor
39:09 Iron Casting
38:54 Chain Mail Armor
39:17 Iron Casting
39:28 Shield Wall
40:28 Conscription
39:29 Elite Hearth Troop
40:44 Plate Mail Armor
40:11 Bodkin Arrow
39:57 Halberdier
42:05 Architecture
41:41 Siege Engineers
42:40 Chemistry
42:27 Treadmill Crane
42:44 Murder Holes
43:58 Hoardings
44:33 Block Printing
47:01 Sanctity
50:01 Bracer
51:18 Clerical Recruitment
54:24 Redemption
57:35 Theocracy
57:27 Illumination
59:00 Guilds
这是我的弟弟约翰
7:14 Loom
12:59 Feudal Age
19:10 Castle Age
17:42 Horse Collar
17:48 Double-Bit Axe
19:50 Stone Mining
21:49 Bow Saw
33:42 Gold Mining
33:58 Heavy Plow
43:03 Imperial Age
41:19 Wheelbarrow
44:54 Chemistry
43:40 Arrowslits
44:25 Fortified Wall
46:22 Hand Cart
47:23 Forging
48:08 Caravan
50:30 Crenellations
49:32 Elite Teutonic Knight
51:06 Siege Engineers
51:53 Ironclad
52:22 Squires
53:01 Town Watch
54:35 Bloodlines
54:45 Elite Skirmisher
56:58 Two-Man Saw
58:05 Iron Casting
57:30 Scale Mail Armor
57:21 Fletching
57:31 Padded Archer Armor
58:07 Conscription
59:03 Heavy Scorpion
DrKaiser
7:50 Loom
10:24 Feudal Age
16:57 Castle Age
16:13 Double-Bit Axe
17:08 Horse Collar
29:43 Bow Saw
34:46 Imperial Age
32:53 Forging
32:50 Scale Barding Armor
32:59 Heavy Plow
33:48 Wheelbarrow
34:25 Iron Casting
34:09 Bloodlines
34:42 Husbandry
35:26 Chain Barding Armor
35:25 Hand Cart
35:31 Elite Jarl
38:47 Plate Barding Armor
39:47 Blast Furnace
39:19 Town Watch
42:45 Town Patrol
45:07 Conscription
51:45 Two-Man Saw
51:21 Crop Rotation
53:08 Light Cavalry
54:34 Caravan
54:06 Hussar
57:57 Scale Mail Armor
58:03 Squires
57:49 Arson
58:34 Elite Varangian Guard
OUASO
7:03 Loom
12:03 Feudal Age
18:09 Double-Bit Axe
21:56 Horse Collar
22:42 Bloodlines
24:42 Castle Age
25:46 Husbandry
25:43 Stone Mining
27:26 Heavy Plow
28:07 Bow Saw
31:45 Wheelbarrow
32:18 Stone Shaft Mining
31:35 Gold Mining
34:00 Szlachta Privileges
34:14 Town Watch
36:30 Town Patrol
36:53 Scale Barding Armor
36:59 Forging
37:05 Forging
38:39 Chain Barding Armor
39:45 Iron Casting
43:54 Imperial Age
41:58 Light Cavalry
44:09 Cavalier
44:10 Winged Hussar
47:51 Onager
51:12 Crop Rotation
51:09 Fletching
51:19 Padded Archer Armor
Dispa
12:12 Feudal Age
18:12 Castle Age
16:49 Double-Bit Axe
16:46 Horse Collar
18:22 Stone Mining
18:47 Gold Mining
20:17 Gold Mining
23:37 Stone Shaft Mining
24:00 Loom
25:06 Wheelbarrow
24:19 Town Watch
27:30 Squires
26:52 Pikeman
30:39 Imperial Age
28:35 Forging
28:58 Scale Mail Armor
30:46 Iron Casting
31:14 Anarchy
33:00 Chain Mail Armor
36:28 Perfusion
37:33 Blast Furnace
41:25 Onager
43:15 Bow Saw
47:52 Elite Huskarl
55:14 Halberdier
Kevin_MdP
3:24 Loom
12:03 Feudal Age
16:26 Double-Bit Axe
19:06 Castle Age
17:50 Forging
17:39 Stone Mining
18:36 Scale Mail Armor
18:37 Gold Mining
18:53 Scale Mail Armor
28:18 Squires
29:26 Wheelbarrow
28:54 Town Watch
35:40 Imperial Age
33:52 Chain Mail Armor
34:24 Bow Saw
34:43 Arson
36:03 Hand Cart
35:48 Capped Ram
37:34 Elite Varangian Guard
39:54 Plate Mail Armor
41:13 Two-Man Saw
40:44 Conscription
42:33 Town Patrol
44:27 Iron Casting
45:37 Fletching
45:42 Onager
47:44 Horse Collar
50:12 Chemistry
48:53 Treadmill Crane
54:04 Bodkin Arrow
54:36 Siege Ram
55:09 Shield Wall
55:39 Siege Ram
55:57 Elite Hearth Troop
58:16 Gambesons
63:02 Man-at-Arms
Connection lost

Rejoining the realm…

Still unreachable

The connection could not be restored.

Session expired

The server has moved on; the page needs a fresh start.